 Dungeon Crawl Stone Soup version 0.22.1-7-g5c428e7 (webtiles) character file.

60116 dengdeng the Peltast (level 14, -1/130 HPs)
             Began as a Minotaur Berserker on Feb 6, 2019.
             Was the Champion of Trog.
             Slain by an ogre
             ... wielding a +0 giant club
              (3 damage)
             ... on level 2 of the Orcish Mines on Feb 7, 2019.
             The game lasted 01:20:38 (16432 turns).

dengdeng the Peltast (Minotaur Berserker)          Turns: 16432, Time: 01:20:39

Health: -1/130     AC: 24    Str: 24    XL:     14   Next: 55%
Magic:  4/4        EV:  7    Int:  4    God:    Trog [******]
Gold:   1702       SH: 21    Dex: 13    Spells: 13/13 levels left

rFire    . . .     SeeInvis +   O - +7 double sword (antimagic)
rCold    + . .     Gourm    +   o - +0 large shield
rNeg     . . .     Faith    .   y - +4 plate armour
rPois    .         Spirit   .   D - +2 hat
rElec    .         Reflect  .   G - scarf {repulsion}
rCorr    .         Harm     .   M - +0 pair of gloves
MR       +....                  a - +0 pair of boots (curse)
Stlth    ..........             l - amulet of the gourmand
HPRegen  0.31/turn              h - ring of protection from cold
MPRegen  0.09/turn              m - ring of see invisible

@: slowed, repel missiles, very slow
A: retaliatory headbutt, horns 2
a: Berserk, Trog's Hand, Brothers in Arms, Renounce Religion


You were on level 2 of the Orcish Mines.
You worshipped Trog.
Trog was exalted by your worship.
You were completely stuffed.

You visited 2 branches of the dungeon, and saw 17 of its levels.

You collected 1787 gold pieces.
You spent 85 gold pieces at shops.

Inventory:

Hand Weapons
 O - a +7 antimagic double sword (weapon)
 W - a +1 antimagic demon blade
Missiles
 f - 476 stones
 s - 35 tomahawks
 v - 5 steel tomahawks
 E - 4 tomahawks of returning (quivered)
 S - 2 poisoned javelins
Armour
 a - a cursed +0 pair of boots (worn)
 o - a +0 large shield (worn)
 y - a +4 plate armour (worn)
 D - a +2 hat (worn)
 G - a scarf of repulsion (worn)
 M - a +0 pair of gloves (worn)
Jewellery
 h - a ring of protection from cold (left hand)
 l - an amulet of the gourmand (around neck)
 m - a ring of see invisible (right hand)
Wands
 k - a wand of acid (10)
Scrolls
 d - 3 scrolls of amnesia {unknown}
 g - 2 scrolls of magic mapping {unknown}
 n - 4 scrolls of identify
 r - 2 scrolls of blinking {unknown}
 x - 5 scrolls of teleportation
 A - a scroll of enchant weapon
 B - a scroll of brand weapon {unknown}
 F - 2 scrolls of random uselessness {unknown}
 K - 4 scrolls of remove curse
 L - a scroll of noise {unknown}
 P - a scroll of fog {unknown}
 T - 4 scrolls of vulnerability {unknown}
 U - a scroll of torment {unknown}
 Y - a scroll of enchant armour
Potions
 b - 2 potions of brilliance {unknown}
 e - 3 potions of mutation {unknown}
 i - 4 potions of might {unknown}
 j - 8 potions of curing {unknown}
 p - a potion of agility {unknown}
 t - a potion of berserk rage {unknown}
 u - 5 potions of heal wounds {unknown}
 w - 3 potions of lignification {unknown}
 z - 3 potions of haste
 C - a potion of resistance {unknown}
 Q - 2 potions of flight {unknown}
 R - a potion of degeneration {unknown}
Miscellaneous
 I - 3 phantom mirrors
 J - a box of beasts
 N - a fan of gales
Comestibles
 c - 22 rations
 q - 29 chunks of flesh


   Skills:
 + Level 13.9 Fighting
 - Level 16.0 Long Blades
 + Level 3.6 Throwing
 + Level 11.9 Armour
 + Level 3.8 Dodging
 + Level 1.8 Stealth
 + Level 16.9 Shields


You had 13 spell levels left.
You didn't know any spells.
Your spell library was empty.

Dungeon Overview and Level Annotations

Branches:
Dungeon (15/15)            Temple (0/1) D:5            Lair (0/6) D:11
    Orc (2/2) D:12            Elf (0/3) Orc:2        Vaults (0/5) D:14
 Depths (0/5) D:15

Altars:
Fedhas
Gozag
Hepliaklqana
Makhleb
Sif Muna
Xom
Yredelemnul
The Shining One
Beogh

Shops:
D:5 [   D:10 *

Annotations:
D:3 1 runed door
D:4 2 runed doors, emiel's ghost, amateur DsHu
D:6 2 transporters, emiel's ghost, novice NaBe
D:9 1 runed door, MordorOrchid's ghost, novice DsSk
D:12 exclusion: 2 oklob plants


Innate Abilities, Weirdness & Mutations

You reflexively headbutt those who attack you in melee.
You have a pair of horns on your head.


Message History

The ogre hits you with a giant club.
* * * LOW HITPOINT WARNING * * *
The two-headed ogre hits you with a dire flail!
* * * LOW HITPOINT WARNING * * *
You block the two-headed ogre's attack. You block the ogre's attack.
You slash the two-headed ogre!
The two-headed ogre is lightly wounded.
You block the ogre's attack. You block the two-headed ogre's attack.
The two-headed ogre barely misses you.
You slash the two-headed ogre! You headbutt the two-headed ogre!
The two-headed ogre is heavily wounded.
The ogre hits you with a giant club.
* * * LOW HITPOINT WARNING * * *
You block the ogre's attack. The ogre hits you with a giant club.
* * * LOW HITPOINT WARNING * * *
You slice the two-headed ogre!!
You kill the two-headed ogre!
Trog accepts your kill. You block the ogre's attack.
The ogre hits you with a giant club.
You die...

.................
.#..................
....................
...........$........
...................#
....$............##
#................#
#...).......#.##
#...@O......##
##....O).....###
#.....).)).....##
##$.....)..#....#
###.##.#)).#..##
###..[))#...#
##...))#....###
#...........#.#
##.#.#)......####


You could see 2 ogres.

Vanquished Creatures
  Kirke (D:14)
  4 ogre magi (Orc:2)
  A rakshasa (D:15)
  A vault guard (D:14)
  3 centaur warriors
  A death knight (D:13)
  15 two-headed ogres
  2 tengu warriors (D:15)
  7 skeletal warriors
  A golden dragon zombie (D:15)
  2 unseen horrors
  A phantasmal warrior (D:15)
  A wizard (D:14)
  3 necromancers
  2 orc knights (D:15)
  4 ugly things
  A deep elf mage (D:12)
  An orc sorcerer (Orc:2)
  4 cyclopes
  A manticore (D:10)
  A fire giant skeleton (D:15)
  An elf zombie (D:15)
  3 kobold demonologists
  2 yaktaurs
  A komodo dragon (D:11)
  6 trolls
  A troll (shapeshifter) (D:14)
  3 meliai (D:14)
  2 hornets
  Grinder (D:5)
  4 hippogriffs
  An ice dragon zombie (D:15)
  A wraith (D:15)
  Sigmund (D:5)
  5 water elementals
  21 yaks
  3 vampires (D:14)
  4 hogs (D:14)
  2 shadows
  A wyvern (D:9)
  2 basilisks
  A hungry ghost (D:11)
  20 humans
  8 wargs
  A steam dragon (D:11)
  4 vampire mosquitoes (D:12)
  An acid dragon (D:12)
  A soldier ant (D:15)
  A water moccasin (D:10)
  2 ice beasts
  18 orc warriors
  5 sky beasts
  A phantom (D:5)
  A black bear (D:10)
  A necrophage (D:6)
  20 ogres
  21 centaurs
  4 crocodiles
  6 big kobolds
  Blork the orc (D:6)
  9 bullfrogs
  A water moccasin zombie (D:6)
  12 scorpions
  5 wights (D:10)
  7 electric eels
  5 howler monkeys
  6 crimson imps
  3 centaur zombies
  A bullfrog zombie (D:13)
  8 hounds
  4 jellies
  8 orc priests
  2 bullfrog skeletons
  23 orc wizards
  A human skeleton (D:3)
  5 centaur skeletons
  11 worker ants
  3 iguanas
  Terence (D:3)
  2 hound zombies
  3 hound skeletons
  5 gnolls
  19 adders
  A howler monkey skeleton (D:9)
  5 shadow imps
  An ooze (D:2)
  An adder zombie (D:6)
  An adder skeleton (D:10)
  3 worms (D:2)
  A dart slug (D:1)
  5 leopard geckos
  67 orcs
  4 giant cockroaches
  6 hobgoblins
  15 jackals
  13 quokkas
  4 ball pythons
  13 bats
  8 frilled lizards
  6 goblins
  30 kobolds
  A kobold skeleton (D:3)
  A quokka skeleton (D:8)
  2 rats (D:3)
  2 fungi (D:11)
  A withered plant (D:15)
574 creatures vanquished.

Vanquished Creatures (others)
  A wizard (D:14)
  2 humans (D:14)
  An orc warrior (D:15)
  3 orcs
  3 plants (D:13)
10 creatures vanquished.

Grand Total: 584 creatures vanquished

Notes
Turn   | Place    | Note
-------+----------+-------------------------------------------
     0 | D:1      | dengdeng the Minotaur Berserker began the quest for the
                  | Orb.
     0 | D:1      | Reached XP level 1. HP: 19/19 MP: 0/0
   145 | D:1      | Reached XP level 2. HP: 26/26 MP: 1/1
   496 | D:2      | Reached XP level 3. HP: 27/33 MP: 2/2
   939 | D:2      | Reached skill level 5 in Long Blades
  1007 | D:2      | Reached XP level 4. HP: 17/40 MP: 3/3
  1155 | D:2      | Noticed a centaur
  1168 | D:2      | Killed a centaur
  1168 | D:2      | Reached XP level 5. HP: 28/46 MP: 4/4
  1555 | D:2      | Found a glowing golden altar of the Shining One.
  1603 | D:2      | Found a faded altar of an unknown god.
  1650 | D:3      | Reached ** piety under Trog
  1871 | D:3      | Noticed Terence
  1883 | D:3      | Killed Terence
  1886 | D:3      | Reached XP level 6. HP: 52/52 MP: 5/5
  1931 | D:3      | Found a burning altar of Makhleb.
  2161 | D:3      | Found a glowing golden altar of the Shining One.
  2166 | D:3      | Found a basalt altar of Yredelemnul.
  2168 | D:3      | Noticed a profane servitor
  2200 | D:3      | Found a runed door.
  2201 | D:3      | Noticed a human
  2214 | D:3      | Found a basalt altar of Yredelemnul.
  2256 | D:3      | Reached skill level 1 in Throwing
  2256 | D:3      | Reached skill level 1 in Shields
  2583 | D:3      | Noticed an angel
  2634 | D:4      | Found a large runed door.
  2635 | D:4      | Found a large runed door.
  2637 | D:4      | Noticed emiel's ghost (amateur DsHu)
  2748 | D:4      | Reached XP level 7. HP: 55/60 MP: 6/6
  3294 | D:4      | Found an opulent altar of Gozag.
  3294 | D:4      | Found a shimmering altar of Xom.
  3347 | D:5      | Entered Level 5 of the Dungeon
  3474 | D:5      | Found a staircase to the Ecumenical Temple.
  3520 | D:5      | Reached *** piety under Trog
  3595 | D:5      | Found Lerchozok's Armour Shop.
  3662 | D:5      | Noticed Sigmund
  3670 | D:5      | Killed Sigmund
  3670 | D:5      | Reached skill level 5 in Armour
  3760 | D:5      | Noticed Grinder
  3787 | D:5      | Killed Grinder
  3787 | D:5      | Reached XP level 8. HP: 57/67 MP: 7/7
  3994 | D:6      | Reached skill level 5 in Fighting
  4009 | D:6      | Reached skill level 5 in Shields
  4023 | D:6      | Reached skill level 10 in Long Blades
  4125 | D:6      | Noticed Blork the orc
  4136 | D:6      | Killed Blork the orc
  4216 | D:6      | Found a hazy altar of Hepliaklqana.
  4433 | D:6      | Reached XP level 9. HP: 34/74 MP: 8/8
  4619 | D:6      | Found a transporter.
  4619 | D:6      | Noticed emiel's ghost (novice NaBe)
  4623 | D:6      | Noticed a two-headed ogre
  4642 | D:6      | Found a transporter.
  5323 | D:7      | Reached **** piety under Trog
  5684 | D:8      | Reached skill level 1 in Stealth
  6085 | D:9      | Found a runed door.
  6087 | D:9      | Noticed MordorOrchid's ghost (novice DsSk)
  6357 | D:9      | Noticed a troll
  6375 | D:9      | Killed a troll
  6375 | D:9      | Reached XP level 10. HP: 55/84 MP: 9/9
  6857 | D:10     | Entered Level 10 of the Dungeon
  6891 | D:10     | Noticed a two-headed ogre
  6905 | D:10     | Killed a two-headed ogre
  6912 | D:10     | Reached ***** piety under Trog
  7041 | D:10     | Found a deep blue altar of Sif Muna.
  7211 | D:10     | Noticed a manticore
  7215 | D:10     | Killed a manticore
  7402 | D:10     | Found Xeareroc's General Store.
  7464 | D:10     | Bought a scroll of remove curse for 51 gold pieces
  7660 | D:10     | Reached skill level 10 in Shields
  7728 | D:10     | Reached XP level 11. HP: 92/92 MP: 10/10
  7783 | D:10     | Noticed a two-headed ogre
  7787 | D:10     | Killed a two-headed ogre
  8373 | D:10     | Bought a scroll of identify for 34 gold pieces
  8792 | D:11     | Noticed a red ugly thing
  8819 | D:11     | Killed a red ugly thing
  9475 | D:11     | Received a gift from Trog
  9584 | D:11     | Found a staircase to the Lair.
 10094 | D:12     | Reached XP level 12. HP: 96/106 MP: 3/11
 10272 | D:12     | Found a staircase to the Orcish Mines.
 10303 | D:12     | Paralysed by a hornet for 2 turns
 10454 | D:12     | Reached skill level 10 in Fighting
 11075 | D:12     | Found a blossoming altar of Fedhas.
 11213 | D:13     | Reached skill level 10 in Armour
 11370 | D:13     | Reached skill level 15 in Long Blades
 11954 | D:13     | Noticed a two-headed ogre
 11967 | D:13     | Noticed a two-headed ogre
 11980 | D:13     | Killed a two-headed ogre
 11987 | D:13     | Killed a two-headed ogre
 12008 | D:13     | Noticed a death knight
 12019 | D:13     | Killed a death knight
 12125 | D:13     | Received a gift from Trog
 12215 | D:13     | Noticed a two-headed ogre
 12225 | D:13     | Killed a two-headed ogre
 12352 | D:13     | Noticed a centaur warrior
 12363 | D:13     | Killed a centaur warrior
 12368 | D:13     | Reached ****** piety under Trog
 12437 | D:13     | Reached XP level 13. HP: 72/114 MP: 4/12
 13078 | D:14     | Received a gift from Trog
 13270 | D:14     | Noticed Kirke
 13309 | D:14     | Killed Kirke
 13712 | D:14     | Found a gate to the Vaults.
 14154 | D:15     | Entered Level 15 of the Dungeon
 14177 | D:15     | Reached skill level 15 in Shields
 14609 | D:15     | Found a staircase to the Depths.
 14750 | D:15     | Received a gift from Trog
 14996 | D:15     | Reached XP level 14. HP: 118/127 MP: 4/13
 15533 | Orc:1    | Entered Level 1 of the Orcish Mines
 15565 | Orc:2    | Entered Level 2 of the Orcish Mines
 15565 | Orc:2    | Found a roughly hewn altar of Beogh.
 15782 | Orc:2    | Found a staircase to the Elven Halls.
 15987 | Orc:2    | HP: 6/129 [orc priest/divine providence (13)]
 16431 | Orc:2    | HP: 5/130 [ogre/giant club (3)]
 16431 | Orc:2    | HP: 2/130 [ogre/giant club (3)]
 16432 | Orc:2    | Slain by an ogre

Skill      XL: |  1  2  3  4  5  6  7  8  9 10 11 12 13 14 |
---------------+-------------------------------------------+-----
Long Blades    | 4 5 6 7 9 10 12 13 14 16 | 16.0
Armour         | 3 4 5 7 8 9 10 11 | 11.9
Fighting       | 4 5 6 7 9 10 12 13 | 13.9
Throwing       | 1 2 3 |  3.6
Shields        | 2 4 5 7 10 12 13 15 16 | 16.9
Stealth        | 1 |  1.8
Dodging        | 3 |  3.8

Action                   |  1- 3 |  4- 6 |  7- 9 | 10-12 | 13-15 || total
-------------------------+-------+-------+-------+-------+-------++-------
Melee: Falchion          |    85 |   144 |   420 |    90 |       ||   739
       Headbutt          |    17 |    29 |    73 |   160 |   141 ||   420
       Scimitar          |       |       |       |   382 |       ||   382
       Double sword      |       |       |       |   248 |   470 ||   718
       Demon blade       |       |       |       |       |    76 ||    76
Throw: Stone             |    28 |    13 |     6 |       |       ||    47
       Tomahawk          |       |       |     3 |    21 |    23 ||    47
       Javelin           |       |       |       |       |     2 ||     2
Invok: Trog's Hand       |       |     2 |     1 |     4 |     2 ||     9
       Berserk           |       |     1 |     1 |     4 |     5 ||    11
  Use: Scroll            |     2 |       |     5 |     5 |     2 ||    14
  Eat: Chunk             |       |     8 |    13 |    51 |    18 ||    90
Armor: Leather armour    |    11 |       |       |       |       ||    11
       Chain mail        |    16 |    59 |    48 |       |       ||   123
       Plate armour      |       |       |    87 |   249 |   163 ||   499
Dodge: Dodged            |    49 |    31 |    37 |    86 |    68 ||   271
       Deflected         |       |       |       |    10 |     4 ||    14
Block: Large shield      |       |    84 |   311 |   713 |   455 ||  1563
       Rpst.: Falchion   |    14 |     7 |    11 |     4 |       ||    36
       Scimitar          |       |       |       |    13 |       ||    13
       Double sword      |       |       |       |     9 |     9 ||    18
       Demon blade       |       |       |       |       |     3 ||     3
